 Dungeon Crawl Stone Soup version 0.27.0-1-g7a089689b8 (webtiles) character file.

Game seed: 9375888235245125382

142 a11behringer the Ducker (level 5, 0/39 HPs)
             Began as a Djinni Gladiator on Aug 15, 2021.
             Slain by Sigmund (1 damage)
             ... on level 3 of the Dungeon.
             The game lasted 00:18:52 (2088 turns).

a11behringer the Ducker (Djinni Gladiator)          Turns: 2088, Time: 00:18:52

Health: 0/39       AC:  9    Str: 13    XL:     5   Next: 50%
Gold:   34         EV: 12    Int:  9    God:
                   SH:  0    Dex: 16

rFire    + + .     SeeInvis .   a - +0 long sword
rCold    x . .     Faith    .   (no shield)
rNeg     . . .     Spirit   .   n - +3 ring mail
rPois    ∞         Reflect  .   c - +0 helmet
rElec    .         Harm     .   (no cloak)
rCorr    .         Rampage  .   (no gloves)
Will     .....                  (boots unavailable)
Stlth    +.........             (no amulet)
HPRegen  0.13/turn              e - +4 ring of slaying
MPRegen  0.00/turn              (no ring)

@: flying
A: sickness immunity, fire resistance 2, cold vulnerability 1, float, innate
caster, hp casting, extra vitality 1
a: no special abilities


You were on level 3 of the Dungeon.
You visited 1 branch of the dungeon, and saw 3 of its levels.

You collected 34 gold pieces.

Inventory:

Hand Weapons
 a - a +0 long sword (weapon)
 j - a +0 rapier
Missiles
 d - 3 throwing nets (quivered)
Armour
 b - a +0 leather armour
 c - a +0 helmet (worn)
 n - a +3 ring mail (worn)
Jewellery
 e - a +4 ring of slaying (left hand)
Wands
 m - a wand of charming (6)
Scrolls
 g - a scroll of magic mapping {unknown}
 i - 2 scrolls of identify {unknown}
 l - 2 scrolls of noise {unknown}
 o - a scroll of teleportation {unknown}
Potions
 f - a potion of cancellation {unknown}
 h - 2 potions of curing {unknown}
 k - a potion of berserk rage {unknown}


   Skills:
 + Level 2.6 Fighting
 + Level 3.9 Long Blades
 + Level 1.6 Throwing
 + Level 1.4 Armour
 + Level 4.2 Dodging
 + Level 0.6 Stealth


You had one spell level left.
You knew the following spells:

 Your Spells              Type           Power      Damage    Failure   Level
a - Apportation           Tloc           0%         N/A       65%         1
b - Passwall              Tmut/Erth      0%         N/A       78%         2
Your spell library was empty.

Dungeon Overview and Level Annotations

Branches:
Dungeon (3/15)

Altars:
Beogh

Annotations:
D:3 Sigmund


Innate Abilities, Weirdness & Mutations

You are immune to sickness and miasma.
You are immune to poison.
Your flesh is very heat resistant. (rF++)
You are vulnerable to cold. (rC-)
You float through the air rather than walking.
You learn spells naturally, not from books.
Your magical power is your life essence.
You have superior vitality. (+4 HP)


Message History

The bat closely misses you. The bat hits you but does no damage.
The bat barely misses you.
You riposte.
You closely miss the bat. You slash the bat!
You kill the bat!
Found 5 gold pieces.
Found a chain mail.
Found a stone staircase leading down.
A gnoll and Sigmund come into view.
Sigmund is wielding a +0 scythe and carrying a wand of digging (7).
The gnoll shouts!
You hear a shout!
A gnoll comes into view. It is wielding a +0 halberd.
A gnoll comes into view. It is wielding a +0 spear.
Sigmund shouts!
The gnoll shouts!
Sigmund drinks a potion.
Sigmund seems to speed up.
You see here 5 gold pieces.
Sigmund points at you and mumbles some strange words.
The puff of flame hits you but does no damage.
Sigmund casts a spell at you.
You are confused.
Sigmund flickers, as though insubstantial.
Sigmund casts a spell.
Sigmund flickers and vanishes!
Deactivating autopickup; reactivate with Ctrl-A.
A puff of flame appears from out of thin air!
The puff of flame hits you. You resist.
You hear a zap.
Some rock shatters into small pieces.
The bat closely misses you. The gnoll hits you with a +0 flail.
Something hits you but does no damage. The bat hits you but does no damage.
The bat hits you but does no damage. Something hits you!
You feel less confused. Something hits you! The bat barely misses you.
The gnoll hits you but does no damage. The bat misses you. Something hits you!
* * * LOW HITPOINT WARNING * * *
The gnoll hits you but does no damage. Something hits you!
* * * LOW HITPOINT WARNING * * *
Something hits you.
You die...

....## .##...........#
.)...## .............#
...)..# #............# #
≈#....###........ ..
_≈....'÷#.....#.#+###...
≈#....###. #............
......#.#..#............
...[.##....#............
..).######....gb@......#
...##........g......##.#
...(...#........g...# ...
⌠......#'#...#......# .....
...........#.#......##.....
.......††..#.#.....[...... .
...........#................
........##<#...........# ..#
#.......####..)........#...#


You could see 3 gnolls and a bat.

Vanquished Creatures
  Ijyb (D:2)
  A gnoll (D:1)
  4 adders
  A worm (D:2)
  3 orcs (D:3)
  An endoplasm (D:1)
  12 goblins
  7 hobgoblins
  3 jackals (D:1)
  2 quokkas
  6 ball pythons
  8 bats
  3 frilled lizards
  4 kobolds
  8 rats
64 creatures vanquished.

Notes
Turn   | Place    | Note
-------+----------+-------------------------------------------
     0 | D:1      | a11behringer the Djinni Gladiator began the quest for the
                  | Orb.
     0 | D:1      | Reached XP level 1. HP: 18/18 MP: 0/0
   143 | D:1      | Reached XP level 2. HP: 17/23 MP: 0/0
   360 | D:1      | Reached XP level 3. HP: 13/28 MP: 0/0
   360 | D:1      | Learned a level 1 spell: Apportation
  1033 | D:2      | Reached XP level 4. HP: 28/34 MP: 0/0
  1110 | D:2      | Reached skill level 1 in Armour
  1115 | D:2      | Reached skill level 4 in Dodging
  1565 | D:2      | Noticed Ijyb
  1594 | D:2      | Killed Ijyb
  1595 | D:2      | Reached XP level 5. HP: 27/39 MP: 0/0
  1595 | D:2      | Learned a level 2 spell: Passwall
  1960 | D:3      | Found a faded altar of an unknown god.
  2069 | D:3      | Noticed Sigmund
  2087 | D:3      | HP: 1/39 [something (8)]
  2088 | D:3      | Slain by Sigmund

Illustrated notes

Levels and vault maps discovered:
D:1:      dpeg_arrival_shrine, layout_basic
D:2:      kennysheep_the_goblin_king, layout_basic
D:3:      cheibrodos_old_hovel, layout_basic,
          hellmonk_ecumenical_altar_defaced_shrine, uniq_sigmund, uniq_ijyb

Skill      XL: |  1  2  3  4 |
---------------+-------------+-----
Long Blades    | 3 |  3.9
Armour         | 1 |  1.4
Dodging        | 4 |  4.2
Fighting       | |  2.6
Throwing       | |  1.6
Stealth        | |  0.6

Action                   |  1- 3 |  4- 6 || total
-------------------------+-------+-------++-------
Melee: Long sword        |    68 |    68 ||   136
 Stab: Sleeping          |       |     1 ||     1
Armor: Leather armour    |    29 |    15 ||    44
       Ring mail         |       |     9 ||     9
Dodge: Dodged            |    72 |    59 ||   131
       Rpst.: Long sword |    21 |    18 ||    39
